[Event "Team 45 45 League T76"]
[Site "Internet Chess Club"]
[Date "2018.03.31"]
[Round "2"]
[White "kaiclc"]
[Black "Manas"]
[Result "0-1"]
[WhiteElo "1270"]
[BlackElo "1696"]
[Opening "Sicilian: Najdorf, Byrne (English) attack"]
[ECO "B90"]
[Time "11:04:00"]
[TimeControl "2700+45"]

1. e4 c5 2. Nf3 d6 3. d4 cxd4 4. Nxd4 Nf6 5. Nc3 a6 6. Be3 e5 7. Nb3 Be6 8. f3
Nbd7 9. Be2 b5 10. g4 Rc8 11. Qd2 Nb6 12. Na5 b4 13. Nd5 Nbxd5 14. exd5 Nxd5 15.
Nb7 Qc7 16. Bxa6 Nxe3 17. Qxe3 Bd7 18. O-O Ra8 19. Qd3 Qb6+ 20. Nc5 Qxc5+ 21.
Kh1 Be7 22. Bb7 Rb8 23. Be4 Bb5 24. Qb3 Bxf1 25. Rxf1 O-O 26. f4 Qd4 27. Re1 Bh4
28. Qh3 f5 29. gxf5 Bxe1 {White resigns} 0-1

[Event "Team 45 45 League T76"]
[Site "Internet Chess Club"]
[Date "2018.03.30"]
[Round "2"]
[White "PolishRyszard"]
[Black "fishhead"]
[Result "1-0"]
[WhiteElo "1775"]
[BlackElo "1629"]
[Opening "Queen's Indian: 4.g3"]
[ECO "E15"]
[Time "14:01:27"]
[TimeControl "2700+45"]

1. d4 Nf6 2. c4 e6 3. Nf3 b6 4. g3 Bb4+ 5. Bd2 Be7 6. Nc3 Ba6 7. b3 d5 8. Bg2 c6
9. O-O O-O 10. cxd5 cxd5 11. Re1 Nbd7 12. e4 dxe4 13. Nxe4 Nxe4 14. Rxe4 Nf6 15.
Re1 Nd5 16. Ne5 Rc8 17. Rc1 Ba3 18. Rxc8 Qxc8 19. Qh5 Nf6 20. Qh4 Rd8 21. h3 Bb2
22. Nc6 Rd7 23. Bg5 Bb7 24. Bxf6 gxf6 25. d5 Rd6 26. Be4 Kf8 27. Qxh7 f5 28. Bg2
Bxc6 29. dxc6 Qc7 30. Qh6+ Ke7 31. Qf4 Kd8 32. h4 Qe7 33. Re2 Bg7 34. Rc2 Kc7
35. Qa4 Rd1+ 36. Kh2 a5 37. Qb5 Bd4 38. Qa6 Bc5 39. Qb7+ Kd6 40. Qb8+ Qc7 41.
Qf8+ Qe7 42. Qh6 Kc7 43. Qh8 e5 44. Qh5 Rd4 45. Qxf5 e4 46. Re2 Bd6 47. Kh3 Kxc6
48. Bxe4+ Kc7 49. Rc2+ Bc5 50. Bg2 Kd6 51. Qf3 Qe6+ 52. Kh2 Kc7 53. Re2 Qd7 54.
Qb7+ Kd6 55. Qb8+ Qc7 56. Qf8+ Kd7 57. Qxf7+ Kd6 {Black resigns} 1-0

[Event "Team 45 45 League T76"]
[Site "Internet Chess Club"]
[Date "2018.04.01"]
[Round "2"]
[White "room-matt"]
[Black "cadmiumorange"]
[Result "1/2-1/2"]
[WhiteElo "1788"]
[BlackElo "1848"]
[Opening "Modern defense"]
[ECO "A40"]
[Time "12:04:30"]
[TimeControl "2700+45"]

1. d4 g6 2. c4 Bg7 3. e4 Nc6 4. Be3 d6 5. f3 e5 6. d5 Nce7 7. Qd2 f5 8. c5 Nf6
9. Nc3 O-O 10. Rc1 fxe4 11. fxe4 Ng4 12. Nf3 Nxe3 13. Qxe3 c6 14. dxc6 bxc6 15.
Rd1 d5 16. Bc4 Kh8 17. exd5 Nf5 18. Qe2 Nd4 19. Qf2 Bg4 20. O-O Bxf3 21. gxf3
Nxf3+ 22. Kh1 Nd4 23. Qe3 Qh4 {Game drawn by mutual agreement} 1/2-1/2

[Event "Team 45 45 League T76"]
[Site "Internet Chess Club"]
[Date "2018.04.02"]
[Round "2"]
[White "markcouch0451"]
[Black "Goli"]
[Result "0-1"]
[WhiteElo "1675"]
[BlackElo "1676"]
[Opening "Robatsch (modern) defense"]
[ECO "B06"]
[Time "16:02:32"]
[TimeControl "2700+45"]

1. e4 g6 2. f4 Bg7 3. Nf3 d6 4. Bc4 Nf6 5. d3 O-O 6. Nc3 c6 7. O-O b5 8. Bb3 a5
9. a4 b4 10. Nb1 Ba6 11. Kh1 Nbd7 12. Be3 Ng4 13. Bc1 Qb6 14. Qe1 Nc5 15. Be3
Nxe3 16. Qxe3 Bxb2 17. Ra2 Bg7 18. Nbd2 Nd7 19. Qe1 e6 20. Ng5 Nc5 21. Qf2 Qa7
22. Bc4 h6 23. Bxa6 hxg5 24. Bc4 d5 25. exd5 exd5 26. Bb3 Nxb3 27. Qxa7 Rxa7 28.
Nxb3 gxf4 29. Rxf4 Bc3 30. Nd4 Bxd4 31. Rxd4 Re8 32. h4 Re2 33. Kg1 Rae7 34. Kf1
Rd2 35. Rg4 b3 36. Ra1 bxc2 {White resigns} 0-1

[Event "Team 45 45 League T76"]
[Site "Internet Chess Club"]
[Date "2018.03.30"]
[Round "2"]
[White "zap2"]
[Black "ChessRooklift"]
[Result "1-0"]
[WhiteElo "1668"]
[BlackElo "1648"]
[Opening "Réti: King's Indian attack (Barcza system)"]
[ECO "A07"]
[Time "10:01:38"]
[TimeControl "2700+45"]

1. Nf3 d5 2. g3 Nf6 3. Bg2 c5 4. O-O Nc6 5. d3 Bg4 6. h3 Bf5 7. Nbd2 Qd7 8. Kh2
h6 9. b3 e6 10. c4 Be7 11. Bb2 d4 12. a3 a5 13. b4 axb4 14. axb4 Rxa1 15. Qxa1
O-O 16. b5 Nb4 17. Qa7 Bd6 18. Nh4 Bxd3 19. exd3 Nxd3 20. Bxd4 cxd4 21. Qxb7 Rb8
22. Qxd7 Nxd7 23. Ne4 Be7 24. Rd1 f5 25. Rxd3 fxe4 26. Rxd4 Nf6 27. Ng6 Bc5 28.
Rd2 Kh7 29. Ne5 Rf8 30. h4 Bb4 31. Re2 Bd6 32. Bxe4+ Nxe4 33. Rxe4 Rxf2+ 34. Kg1
Rc2 35. Kf1 Kg8 36. b6 Bxe5 37. Rxe5 Rxc4 38. Rb5 Rc8 39. Ke2 Kf7 40. b7 Rb8 41.
Ke3 Ke7 42. Ke4 g6 43. Ke5 g5 44. hxg5 hxg5 45. g4 Kd7 46. Rb6 Kc7 47. Rb1 Kd7
48. Kf6 e5 49. Kxe5 Ke7 50. Kf5 Kf7 51. Kxg5 Kg7 52. Rb2 Kf7 53. Kf5 Ke7 54. Ke5
Kd7 55. Kf6 Kc6 56. Kf7 Kc7 57. g5 {Black resigns} 1-0

[Event "Team 45 45 League T76"]
[Site "Internet Chess Club"]
[Date "2018.03.31"]
[Round "2"]
[White "kutch"]
[Black "rubo"]
[Result "1/2-1/2"]
[WhiteElo "1550"]
[BlackElo "1595"]
[Opening "Budapest: Rubinstein variation"]
[ECO "A52"]
[Time "16:00:33"]
[TimeControl "2700+45"]

1. d4 Nf6 2. c4 e5 3. dxe5 Ng4 4. Bf4 Bb4+ 5. Nc3 Nc6 6. Nf3 Qe7 7. Qd5 f6 8.
exf6 Nxf6 9. Qd3 O-O 10. a3 Bxc3+ 11. Qxc3 d5 12. e3 Ne4 13. Qd3 Nc5 14. Qxd5+
Be6 15. Bg5 Bxd5 16. Bxe7 Nxe7 17. cxd5 Nxd5 18. Bc4 c6 19. Rc1 Ne4 20. O-O Rad8
21. Rfd1 Nf6 22. Ng5 Rfe8 23. Rd4 h6 24. Nf3 Re4 25. Rxe4 Nxe4 26. Rd1 Nf6 27.
Kf1 Kf8 28. Ke2 Ke7 29. Bxd5 Nxd5 30. Nd4 Kf6 31. f3 Re8 32. e4 Nf4+ 33. Kf2 Rd8
34. Rd2 c5 35. Nb3 Rxd2+ 36. Nxd2 Nd3+ {Game drawn by mutual agreement} 1/2-1/2

[Event "Team 45 45 League T76"]
[Site "Internet Chess Club"]
[Date "2018.03.31"]
[Round "2"]
[White "Constrictor"]
[Black "clarinetref"]
[Result "1-0"]
[WhiteElo "1566"]
[BlackElo "1519"]
[Opening "Nimzovich-Larsen attack"]
[ECO "A01"]
[Time "20:06:07"]
[TimeControl "2700+45"]

1. b3 d6 2. Bb2 e5 3. g3 Nf6 4. Bg2 g6 5. c4 Bg7 6. Nc3 c6 7. e3 O-O 8. d3 Qe7
9. Nf3 Rd8 10. O-O Na6 11. e4 d5 12. cxd5 cxd5 13. exd5 Nxd5 14. Re1 Nxc3 15.
Bxc3 f6 16. d4 Nb4 17. a3 Nd5 18. Bb2 e4 19. Nd2 f5 20. Nc4 Be6 21. f3 exf3 22.
Bxf3 Qf7 23. Ne5 Bxe5 24. Rxe5 Rd6 25. Qe2 Nc7 26. Rc1 Bd5 27. Rxc7 Bxf3 28.
Rxf7 Bxe2 29. Rxb7 Bf3 30. Rc7 Bd5 31. b4 h5 32. Ree7 Rf6 33. Rxa7 Rxa7 34. Rxa7
Rc6 35. Rd7 Be4 36. d5 Rc2 37. Be5 Rg2+ 38. Kf1 Rxh2 39. d6 Rd2 40. Rc7 f4 41.
d7 Bf5 42. Rc8+ Kf7 43. d8=Q Rxd8 44. Rxd8 f3 45. b5 Ke6 46. Bf4 Ke7 47. Rd2 Kf6
48. b6 Be4 49. Rd7 g5 50. Be3 Ke6 51. b7 Kxd7 52. b8=Q {Black resigns} 1-0

[Event "Team 45 45 League T76"]
[Site "Internet Chess Club"]
[Date "2018.04.02"]
[Round "2"]
[White "SeniorCitizen"]
[Black "Aquaman"]
[Result "1-0"]
[WhiteElo "1235"]
[BlackElo "1248"]
[Opening "Sicilian: dragon, classical, 9.Nb3"]
[ECO "B74"]
[Time "15:02:15"]
[TimeControl "2700+45"]

1. e4 c5 2. Nf3 Nc6 3. d4 cxd4 4. Nxd4 g6 5. Nc3 Bg7 6. Nb3 Nf6 7. Be2 O-O 8.
O-O d6 9. Be3 h6 10. Qd2 Kh7 11. f4 e6 12. Rad1 Ne8 13. Bd4 Nxd4 14. Nxd4 Qb6
15. Kh1 Bd7 16. Nb3 a6 17. f5 exf5 18. exf5 Bxf5 19. Bd3 Be6 20. Qf2 Qxf2 21.
Rxf2 Rc8 22. Be4 b5 23. Bd5 Bxd5 24. Nxd5 Kg8 25. Ne7+ Kh8 26. Nxc8 f5 27. c3
Be5 28. Ne7 Kg7 29. Nd5 Rf7 30. Nd4 Kg8 31. Nf3 Bg7 32. Re2 Kf8 33. Nh4 g5 34.
Ng6+ Kg8 35. Rxe8+ Kh7 36. Nde7 Bf6 37. Rxd6 Bg7 38. g3 f4 39. Kg2 f3+ 40. Kf2
g4 41. Re6 Bf6 42. Rxa6 h5 43. Nh4 Bxe7 44. Rc6 Bg5 45. Rc5 Be7 46. Rc7 {Black
resigns} 1-0

[Event "Team 45 45 League T76"]
[Site "Internet Chess Club"]
[Date "2018.03.31"]
[Round "2"]
[White "KidRattler"]
[Black "noblitz-oblige"]
[Result "1-0"]
[WhiteElo "1616"]
[BlackElo "1494"]
[Opening "Danish gambit"]
[ECO "C21"]
[Time "08:02:25"]
[TimeControl "2700+45"]

1. e4 e5 2. d4 exd4 3. c3 dxc3 4. Bc4 Qf6 5. Nxc3 Bc5 6. Nf3 Ne7 7. Bg5 Qb6 8.
O-O O-O 9. Bxe7 Bxe7 10. Nd5 Qc5 11. Rc1 Bd8 12. e5 Kh8 13. Nd4 a6 14. b4 Qa7
15. Nf5 Nc6 16. Re1 d6 17. exd6 Bxf5 18. dxc7 Bg5 19. Rc3 Qd4 20. Qxd4 Nxd4 21.
Re5 Rfe8 22. f4 Bxf4 23. Rxe8+ Rxe8 24. Nxf4 g5 25. Nd5 b5 26. Bd3 Bg4 27. Nf6
Ne2+ 28. Bxe2 Rxe2 29. Nxg4 {Black resigns} 1-0

[Event "Team 45 45 League T76"]
[Site "Internet Chess Club"]
[Date "2018.04.01"]
[Round "2"]
[White "fao9944"]
[Black "herrahuu"]
[Result "1-0"]
[WhiteElo "1526"]
[BlackElo "1446"]
[Opening "King's Indian: London system"]
[ECO "A48"]
[Time "06:00:21"]
[TimeControl "2700+45"]

1. d4 Nf6 2. Nf3 g6 3. Bf4 c5 4. e3 cxd4 5. exd4 Bg7 6. c3 O-O 7. h3 d6 8. Be2
Bd7 9. O-O Bc6 10. Nbd2 Nbd7 11. Qb3 Rc8 12. Rfe1 a6 13. Rad1 b5 14. Nf1 Nb6 15.
Ne3 Bb7 16. Ng5 h6 17. Nf3 Rc7 18. Bh2 Qb8 19. Nh4 Kh7 20. Bd3 Ne4 21. Qc2 Bf6
22. Nxg6 fxg6 23. Bxe4 Bxe4 24. Qxe4 Na4 25. Re2 a5 26. Nd5 Rb7 27. b3 Nb6 28.
Nxf6+ Rxf6 29. Rde1 Qc8 30. Qxb7 Qxb7 31. Rxe7+ Qxe7 32. Rxe7+ Kg8 33. Rb7 Nd5
34. Rxb5 Nxc3 35. Rxa5 Re6 36. Kf1 d5 37. Be5 g5 38. f3 Kf7 39. Ke1 Kg6 40. Kd2
Rc6 41. Rc5 Rxc5 42. dxc5 Nb5 43. g4 Kf7 44. a4 Na7 45. Kd3 Nc6 46. Bc3 Ke6 47.
b4 Na7 48. b5 Nc8 49. Bg7 Ne7 50. Bxh6 Ng6 51. Bxg5 Ne5+ 52. Ke2 Nc4 53. f4 d4
54. f5+ Kd7 55. c6+ Kc7 56. Bf6 Nb2 57. Bxd4 Nxa4 58. g5 Nb6 59. Bxb6+ Kxb6 60.
g6 Kxb5 61. g7 Kxc6 62. g8=Q Kc5 63. Qd8 Kc4 64. Qd6 Kc3 65. Qd5 Kb4 66. Qc6 Kb3
67. Qc5 Kb2 68. Qc4 Ka3 69. Qb5 Ka2 70. Kd2 Ka3 71. Kc2 Ka2 72. Qb2# {Black
checkmated} 1-0

[Event "Team 45 45 League T76"]
[Site "Internet Chess Club"]
[Date "2018.03.31"]
[Round "2"]
[White "stanbeers"]
[Black "OGO"]
[Result "0-1"]
[WhiteElo "1378"]
[BlackElo "1385"]
[Opening "King's Indian: 5.Nf3"]
[ECO "E90"]
[Time "21:30:46"]
[TimeControl "2700+45"]

1. d4 Nf6 2. c4 g6 3. Nf3 Bg7 4. Nc3 d6 5. e4 Nbd7 6. Be2 O-O 7. O-O b6 8. Rb1
Bb7 9. Qc2 Rc8 10. b3 c6 11. Rd1 Qc7 12. Bf4 e6 13. h3 c5 14. Nb5 Qd8 15. d5 e5
16. Bg5 h6 17. Bxf6 Nxf6 18. Nxa7 Ra8 19. Nb5 Nh5 20. g3 Qd7 21. Bf1 f5 22. Re1
fxe4 23. Rxe4 Rxf3 24. Bg2 Rf7 25. a4 Raf8 26. Rf1 Bc8 27. Nc3 Qd8 28. Qe2 Bd7
29. Nb5 Qe7 30. h4 Nf6 31. Nc3 Nxe4 32. Nxe4 Bf5 33. Qe3 Qd7 34. Qe2 Bg4 35. f3
Bf5 36. g4 Bxe4 37. fxe4 Rf4 38. Rxf4 Rxf4 39. Bf3 Qf7 40. Kg2 Qe7 41. Kh3 Qf6
42. Kg3 Bf8 43. Qg2 Be7 44. g5 hxg5 45. hxg5 Qxg5+ 46. Kf2 Qf6 47. Ke2 Qf7 48.
Bg4 Qf8 49. Be6+ Kg7 50. Bf5 Qf6 51. Bg4 g5 52. Bf5 Qh6 {White resigns} 0-1

[Event "Team 45 45 League T76"]
[Site "Internet Chess Club"]
[Date "2018.03.31"]
[Round "2"]
[White "kingsrook"]
[Black "Just-Jim"]
[Result "1-0"]
[WhiteElo "1195"]
[BlackElo "1159"]
[Opening "QGD Slav defense"]
[ECO "D10"]
[Time "13:00:53"]
[TimeControl "2700+45"]

1. d4 c6 2. c4 d5 3. e3 e6 4. Nc3 Bb4 5. Bd2 Nf6 6. Qc2 O-O 7. Bd3 dxc4 8. Bxc4
Nd5 9. Nge2 Nf6 10. a3 Bd6 11. Ng3 Nbd7 12. O-O Nb6 13. Bd3 h6 14. Nce4 Nbd5 15.
Nxd6 Qxd6 16. e4 Qc7 17. exd5 exd5 18. Rfe1 Qd7 19. Bf5 Qc7 20. Bxc8 Raxc8 21.
Rac1 Qd7 22. Qf5 Qxf5 23. Nxf5 Ne4 24. Bf4 g5 25. Be5 Rfe8 26. Nxh6+ Kh7 27.
Nxf7 Kg6 28. Nd6 Nxd6 29. Bxd6 b5 30. Bc5 a6 31. Kf1 Kf7 32. Re3 Rh8 33. Kg1 a5
34. b3 Rb8 35. Rce1 g4 36. Re7+ Kf6 37. R1e6+ Kf5 38. Re5+ Kf6 39. R5e6+ Kf5 40.
Rxc6 Rbe8 41. Rb6 Rxe7 42. Bxe7 Re8 43. Rb7 Ke6 44. h3 gxh3 45. gxh3 Rxe7 46.
Rxe7+ Kxe7 47. f3 Kf6 48. Kg2 Kg5 49. Kg3 Kf5 50. h4 Kf6 51. Kg4 Kg6 52. f4 Kg7
53. Kg5 Kg8 54. h5 Kf7 55. f5 Kg7 56. h6+ Kg8 57. Kg6 Kh8 58. f6 Kg8 59. f7+ Kf8
60. h7 Ke7 61. h8=Q {Black resigns} 1-0

[Event "Team 45 45 League T76"]
[Site "Internet Chess Club"]
[Date "2018.03.28"]
[Round "2"]
[White "idjit"]
[Black "mongmong"]
[Result "0-1"]
[WhiteElo "1547"]
[BlackElo "1496"]
[Opening "French: Winawer (Nimzovich) variation"]
[ECO "C15"]
[Time "18:10:37"]
[TimeControl "2700+45"]

1. e4 e6 2. d4 d5 3. Nc3 Bb4 4. a3 Bxc3+ 5. bxc3 dxe4 6. Qg4 Nf6 7. Qxg7 Rg8 8.
Qh6 b6 9. Bg5 Rg6 10. Qh4 Bb7 11. Ne2 h6 12. Bxh6 Rg4 13. Qh3 Qd5 14. Nf4 Qa5
15. Be2 Rh4 {White resigns} 0-1

[Event "Team 45 45 League T76"]
[Site "Internet Chess Club"]
[Date "2018.03.31"]
[Round "2"]
[White "zethhon"]
[Black "Pawnchain"]
[Result "1-0"]
[WhiteElo "1331"]
[BlackElo "1324"]
[Opening "Dutch"]
[ECO "A80"]
[Time "09:00:34"]
[TimeControl "2700+45"]

1. d4 f5 2. Nf3 Nf6 3. c4 e6 4. Nc3 Bb4 5. a3 Bxc3+ 6. bxc3 O-O 7. Bf4 Ne4 8.
Qc2 d6 9. e3 b6 10. Bd3 Bb7 11. O-O Nd7 12. Nd2 Ndf6 13. Nb3 Nd7 14. f3 Nef6 15.
Rab1 Nh5 16. Bg3 Nxg3 17. hxg3 Qg5 18. Kf2 Nf6 19. Rh1 Rae8 20. g4 {Black
resigns} 1-0

[Event "Team 45 45 League T76"]
[Site "Internet Chess Club"]
[Date "2018.03.29"]
[Round "2"]
[White "rkjulianjr"]
[Black "Kingofknights"]
[Result "1/2-1/2"]
[WhiteElo "1278"]
[BlackElo "1467"]
[Opening "Benkö gambit accepted"]
[ECO "A58"]
[Time "18:03:54"]
[TimeControl "2700+45"]

1. d4 Nf6 2. c4 c5 3. d5 b5 4. cxb5 a6 5. bxa6 Bxa6 6. Nc3 Qb6 7. Nf3 d6 8. Qa4+
Nbd7 9. e4 Bb7 10. Qb5 g6 11. Qxb6 Nxb6 12. Bb5+ Nbd7 13. e5 Nxd5 14. Nxd5 Bxd5
15. exd6 Rxa2 16. Rxa2 Bxa2 17. Ne5 Be6 18. Bxd7+ Bxd7 19. Nxd7 Kxd7 20. dxe7
Bxe7 21. Ke2 Rb8 22. Rd1+ Kc6 23. Rd3 Bf6 24. b3 Re8+ 25. Re3 Rxe3+ 26. Bxe3 Kb5
27. Bd2 Bb2 28. Kf3 Ba3 29. Ke4 Bb4 30. Bxb4 Kxb4 31. Kd5 f5 32. f4 h6 33. h3 h5
34. h4 Kb5 35. Ke5 Kb4 36. Kd5 Kb5 {Game drawn by mutual agreement} 1/2-1/2

[Event "Team 45 45 League T76"]
[Site "Internet Chess Club"]
[Date "2018.03.31"]
[Round "2"]
[White "smsxman"]
[Black "oldprez1"]
[Result "1-0"]
[WhiteElo "1300"]
[BlackElo "1279"]
[Opening "King's pawn opening"]
[ECO "B07"]
[Time "13:00:49"]
[TimeControl "2700+45"]

1. e4 d6 2. Nc3 Nf6 3. Nf3 g6 4. Bc4 Bg7 5. O-O O-O 6. Re1 Nc6 7. d4 e5 8. dxe5
dxe5 9. Qxd8 Rxd8 10. Bg5 Bg4 11. Nd5 Rd6 12. Nxc7 Rf8 13. Nd5 Bxf3 14. gxf3 h6
15. Be3 Nd4 16. Bxd4 exd4 17. e5 Rc6 18. Ne7+ Kh7 19. Nxc6 Nd7 20. Nxd4 Bxe5 21.
c3 a6 22. Bb3 Bd6 23. Rad1 Nc5 24. Bd5 f5 25. Ne6 Nxe6 26. Bxe6 Rd8 27. Bb3 g5
28. Kg2 Kg7 29. Re6 {Black resigns} 1-0

[Event "Team 45 45 League T76"]
[Site "Internet Chess Club"]
[Date "2018.03.31"]
[Round "2"]
[White "Packerfan"]
[Black "kllrchris"]
[Result "0-1"]
[WhiteElo "1736"]
[BlackElo "1690"]
[Opening "two knights: Max Lange attack"]
[ECO "C55"]
[Time "15:06:51"]
[TimeControl "2700+45"]

1. e4 e5 2. Nf3 Nc6 3. Bc4 Nf6 4. d4 exd4 5. O-O Bc5 6. e5 d5 7. exf6 dxc4 8.
Re1+ Be6 9. Ng5 Qd5 10. Nc3 Qf5 11. fxg7 Rg8 12. Nce4 O-O-O 13. Nxc5 Qxc5 14.
Nxe6 fxe6 15. Rxe6 Rxg7 16. Re1 Qd5 17. f3 Rdg8 18. g3 h5 19. Re4 Rd7 20. Bf4 h4
21. Qe2 hxg3 22. hxg3 Qh5 23. Re1 Rdd8 24. g4 d3 25. cxd3 cxd3 26. Qg2 Qc5+ 27.
Qf2 Qd5 28. a3 d2 29. Rd1 Rxg4+ 30. fxg4 Qxe4 31. Rxd2 Rh8 32. Qg3 Rh1+ 33. Kf2
Qe1+ 34. Kf3 Rf1+ 35. Rf2 Nd4+ 36. Kg2 Rg1+ 37. Kh2 Rh1+ 38. Kg2 Qg1# {White
checkmated} 0-1

[Event "Team 45 45 League T76"]
[Site "Internet Chess Club"]
[Date "2018.03.28"]
[Round "2"]
[White "WillC"]
[Black "Bizzy-Ketty"]
[Result "0-1"]
[WhiteElo "1746"]
[BlackElo "1616"]
[Opening "Sicilian defense"]
[ECO "B30"]
[Time "18:04:36"]
[TimeControl "2700+45"]

1. e4 c5 2. Nf3 Nc6 3. g3 e6 4. Bg2 d5 5. exd5 exd5 6. O-O Nf6 7. Re1+ Be7 8. d4
cxd4 9. Nxd4 O-O 10. Bf4 a6 11. c3 Re8 12. Nf3 Bg4 13. h3 Bh5 14. Qb3 Na5 15.
Qd1 Qb6 16. b3 Bc5 17. Rxe8+ Rxe8 18. Qc2 Ne4 19. Nd4 Bxd4 20. Bxe4 dxe4 21.
cxd4 Qxd4 22. Nc3 Rc8 23. Rc1 Bg6 24. Be3 Qe5 25. Qd2 h6 26. Bf4 Qf6 27. Kh2 Rc6
28. Be3 Qd6 29. Qe1 Qd3 30. Na4 Rxc1 31. Qxc1 Nc6 32. Nc5 Qb5 33. Qc2 Nb4 34.
Qd2 Nd3 35. Na4 Qc6 36. Nc3 b5 37. Ne2 Ne5 38. Nd4 Qf6 39. Bf4 Nd3 40. Be3 Bf5
41. Kg2 Bd7 42. Qe2 Qe5 43. Kh2 Nb4 44. Qd2 Nd5 45. Ne2 Qf5 46. g4 Qe5+ 47. Kg2
f5 48. Bd4 Qe6 49. Nf4 Qd6 50. Nh5 g5 51. Bb2 Nf4+ 52. Qxf4 gxf4 53. Nf6+ Kf7
54. gxf5 Bxf5 55. Nh5 Qg6+ {White resigns} 0-1

[Event "Team 45 45 League T76"]
[Site "Internet Chess Club"]
[Date "2018.03.31"]
[Round "2"]
[White "Electryon"]
[Black "JohLeb"]
[Result "0-1"]
[WhiteElo "1505"]
[BlackElo "1633"]
[Opening "Queen's pawn, Mason variation"]
[ECO "D00"]
[Time "19:00:47"]
[TimeControl "2700+45"]

1. d4 d5 2. Bf4 Nf6 3. e3 Nc6 4. c4 e6 5. Nf3 Bd6 6. Bg3 O-O 7. Nc3 Bxg3 8. hxg3
Re8 9. Ne5 Nxe5 10. dxe5 Nd7 11. Qh5 h6 12. O-O-O dxc4 13. Rh4 Qg5 14. f4 Qxh5
15. Rxh5 a6 16. Bxc4 b5 17. Be2 Nb6 18. Bf3 Rb8 19. Bc6 Re7 20. Rd8+ Kh7 21. g4
f5 22. exf6 gxf6 23. g5 fxg5 24. fxg5 Kg6 25. Rxh6+ Kxg5 26. Rh3 Nd7 27. Rf3 Kh6
28. Rg3 Nf6 29. Ne4 Nh5 30. Rgg8 Rb6 31. Rh8+ Rh7 32. Rxh7+ Kxh7 33. Be8 Bb7 34.
Ng5+ Kh6 35. Bxh5 Kxh5 36. Nf3 Rc6+ 37. Kd2 Rd6+ 38. Rxd6 cxd6 39. Kd3 Kg4 40.
e4 Kf4 41. Nd2 a5 42. a3 a4 43. Kd4 e5+ 44. Kd3 Kg3 45. Ke3 Kxg2 46. Nb1 Bc6 47.
Nc3 Kf1 48. Kd2 Kf2 49. Kd3 Kf3 50. Nd5 Bxd5 51. exd5 e4+ 52. Kd2 Kf2 53. Kd1 e3
{White resigns} 0-1

[Event "Team 45 45 League T76"]
[Site "Internet Chess Club"]
[Date "2018.03.30"]
[Round "2"]
[White "Scorpius"]
[Black "tryanything"]
[Result "0-1"]
[WhiteElo "1301"]
[BlackElo "1522"]
[Opening "Ruy Lopez: modern Steinitz defense"]
[ECO "C71"]
[Time "05:00:52"]
[TimeControl "2700+45"]

1. e4 e5 2. Nf3 Nc6 3. Bb5 a6 4. Ba4 d6 5. h3 Bd7 6. c3 Nf6 7. Bc2 g6 8. O-O Bg7
9. d4 exd4 10. cxd4 O-O 11. a3 Qc8 12. e5 dxe5 13. dxe5 Ne8 14. Re1 Be6 15. Nc3
Qd8 16. Bg5 Qxd1 17. Raxd1 h6 18. Bc1 Kh7 19. b4 Rc8 20. Bb2 Na7 21. Nd5 Bxd5
22. Rxd5 c6 23. Rd7 Nc7 24. Bd4 Nab5 25. a4 Nxd4 26. Nxd4 Kg8 27. e6 Bxd4 28.
exf7+ Rxf7 29. Rxd4 Nd5 30. Bxg6 Rf6 31. Rg4 Kf8 32. Bh7 Ne7 33. Rge4 Rc7 34.
Re6 Kf7 35. Rxf6+ Kxf6 36. Rd1 Nd5 37. Be4 Nc3 38. Rd4 Ne2+ {White resigns} 0-1

[Event "Team 45 45 League T76"]
[Site "Internet Chess Club"]
[Date "2018.04.01"]
[Round "2"]
[White "andrew37"]
[Black "calsal"]
[Result "1/2-1/2"]
[WhiteElo "1666"]
[BlackElo "1718"]
[Opening "Scandinavian defense"]
[ECO "B01"]
[Time "14:02:05"]
[TimeControl "2700+45"]

1. e4 d5 2. exd5 Nf6 3. Nf3 Bg4 4. Bc4 Nxd5 5. O-O Nc6 6. h3 Bh5 7. c3 e6 8. d4
Qd7 9. Re1 O-O-O 10. b4 h6 11. a4 g5 12. a5 Nb8 13. Qd3 c6 14. Ne5 Qe8 15. g4
Bg6 16. Nxg6 fxg6 17. Bxd5 cxd5 18. Qe2 Bd6 19. Qxe6+ Kc7 20. Qxe8 Rdxe8 21. Be3
h5 22. Na3 Be7 23. Bd2 hxg4 24. hxg4 Kd8 25. Re5 Rh4 26. f3 Reh8 27. Rae1 Rh1+
28. Kf2 R8h2+ 29. Ke3 Rxe1+ 30. Bxe1 Ra2 31. Rxd5+ Nd7 32. Nc4 Kc7 33. Kd3 Ra1
34. Bg3+ Kc6 35. Ne3 a6 36. Bh2 Re1 37. c4 Bxb4 38. Rxg5 Nf8 39. Bg3 Ra1 40. Bf2
Bxa5 41. Nc2 Rd1+ 42. Ke4 Bd8 43. Rc5+ Kd7 44. Ne3 Rd2 45. Rd5+ Ke8 46. Be1 Ra2
47. Bg3 Nd7 48. g5 Rb2 49. Bf4 a5 50. Rd6 Nf8 51. Rd5 a4 52. Nd1 Rb3 53. Rb5
Rxb5 54. cxb5 a3 55. Nc3 Be7 56. d5 Kd7 57. Bc1 Kc7 58. Kd4 Nd7 59. Na2 Kb6 60.
f4 Kxb5 61. f5 gxf5 62. g6 Nf8 63. Ke5 Nxg6+ 64. Kxf5 Kc4 65. Kxg6 Kxd5 66. Kf7
Bc5 67. Kf6 Kc4 68. Ke5 b5 69. Ke4 Be7 70. Bf4 Kb3 71. Nc1+ Kb2 72. Kd3 b4 73.
Kc4 Kb1 74. Kb3 Bf8 75. Na2 Be7 {Game drawn by mutual agreement} 1/2-1/2

[Event "Team 45 45 League T76"]
[Site "Internet Chess Club"]
[Date "2018.03.29"]
[Round "2"]
[White "SirIvanhoe"]
[Black "QuieroAprender"]
[Result "1/2-1/2"]
[WhiteElo "1590"]
[BlackElo "1526"]
[Opening "Three knights game"]
[ECO "C46"]
[Time "20:01:11"]
[TimeControl "2700+45"]

1. e4 e5 2. Nf3 Nc6 3. Nc3 Bc5 4. Nxe5 Bxf2+ 5. Kxf2 Nxe5 6. Be2 Nf6 7. Rf1
Nfg4+ 8. Kg1 Qh4 9. Bxg4 Nxg4 10. h3 Nf6 11. d3 O-O 12. Rf4 Qh5 13. Qxh5 Nxh5
14. Rf3 d6 15. Bd2 Be6 16. b3 a6 17. Ne2 g6 18. Nf4 Nxf4 19. Rxf4 f5 20. exf5
Rxf5 21. Re1 Raf8 22. Rxf5 Bxf5 23. Re7 Rc8 24. Bh6 b5 25. Kf2 Ra8 26. g4 Bc8
27. Rg7+ Kh8 28. Rxc7 Kg8 29. Kf3 Be6 30. Kf2 Rc8 31. Rxc8+ Bxc8 32. Ke3 Kf7 33.
Bf4 Ke6 34. Kd4 Bb7 35. Ke3 Bg2 36. h4 Bc6 37. c4 Bd7 38. d4 Ke7 39. Bg5+ Ke6
40. Kf4 d5 41. c5 Be8 42. b4 Bd7 43. Bh6 Kf6 44. Bg5+ Ke6 45. h5 Be8 46. hxg6
Bxg6 47. Bh6 Kf6 48. Bf8 h5 49. Kg3 hxg4 50. Kxg4 Bb1 51. a3 Ke6 52. Bd6 Kd7 53.
Kg5 Bc2 54. Kf6 Bb3 55. Ke5 Bc4 {Game drawn by mutual agreement} 1/2-1/2

[Event "Team 45 45 League T76"]
[Site "Internet Chess Club"]
[Date "2018.03.30"]
[Round "2"]
[White "drsigmund1"]
[Black "Chess4Him"]
[Result "1-0"]
[WhiteElo "1508"]
[BlackElo "1522"]
[Opening "Queen's pawn: London system"]
[ECO "A45"]
[Time "21:01:36"]
[TimeControl "2700+45"]

1. d4 Nf6 2. Bf4 d5 3. e3 c5 4. c3 Nc6 5. Bd3 e6 6. Nf3 Bd6 7. Bg5 h6 8. Bh4 Be7
9. Ne5 O-O 10. Nd2 Nxe5 11. dxe5 Nd7 12. Bg3 c4 13. Bc2 Qb6 14. Rb1 Qc7 15. Nf3
b5 16. O-O Bb7 17. Nd4 a6 18. f4 Rfd8 19. Qh5 Nf8 20. Bh4 Bxh4 21. Qxh4 Qc5 22.
Rf3 Rd7 23. g4 Qe7 24. g5 Ng6 25. Bxg6 fxg6 26. Qh3 h5 27. Nxe6 Bc8 28. Nd4 Rc7
29. e6 Qe8 30. f5 Re7 31. f6 gxf6 32. gxf6 Bxe6 33. Nxe6 Rf7 34. Ng5 Qd7 35.
Qxd7 Rxd7 36. f7+ Kf8 37. Ne6+ Ke7 38. f8=Q+ Rxf8 39. Nxf8 Rd6 40. Rbf1 Kd8 41.
Rf6 Rxf6 42. Rxf6 Ke7 43. Rf1 {Black resigns} 1-0

[Event "Team 45 45 League T76"]
[Site "Internet Chess Club"]
[Date "2018.04.01"]
[Round "2"]
[White "BrerRabbit"]
[Black "Andressa"]
[Result "1/2-1/2"]
[WhiteElo "1454"]
[BlackElo "1411"]
[Opening "Queen's pawn, Mason variation"]
[ECO "D00"]
[Time "19:01:04"]
[TimeControl "2700+45"]

1. d4 d5 2. Bf4 Nf6 3. e3 e6 4. Nd2 Bd6 5. Bg3 O-O 6. c3 Nbd7 7. Bd3 b6 8. Ngf3
Bb7 9. Ne5 Ne4 10. Nxe4 dxe4 11. Bb5 Nxe5 12. dxe5 Be7 13. O-O c6 14. Ba4 Qc7
15. Bc2 c5 16. Qe2 a5 17. Rfd1 Rfd8 18. Ba4 Ba6 19. Bb5 Bxb5 20. Qxb5 Rxd1+ 21.
Rxd1 Rd8 22. Qe2 Rd5 23. Rxd5 exd5 24. e6 Qc6 25. exf7+ Kxf7 26. Be5 h6 27. b3
Bf6 {Game drawn by mutual agreement} 1/2-1/2